SAL
ASHEVILLE TOURISTS @ AUGUSTA GREENJACKETS
04/12/2024
 
TOP OF THE 1ST
Asheville Tourists batting - Pitching for Augusta GreenJackets : RHP Tekoah Roby
Pitching: RHP Tekoah Roby
Batting: LHB Van Nelson 0-0: Ball
1-0: Ball
2-0: Ground out 6-3 (Groundball, 6M, EV 81.9 MPH)
Batting: RHB Tyler Shedler-McAvoy 0-0: Ball
1-0: Called Strike
1-1: SINGLE (Flyball, 8RS, EV 89.4 MPH)
Batting: SHB Tristan Pompey 0-0: Called Strike
Tyler Shedler-McAvoy steals 2nd base
0-1: Ball
1-1: Swinging Strike
1-2: Strikes out looking
Batting: LHB Chance Ferniz 0-0: Ball
1-0: Ball
2-0: Called Strike
2-1: Called Strike
2-2: Ground out U3 (Groundball, 23, EV 90.0 MPH)
Top of the 1st over - 0 runs, 1 hit, 0 errors, 1 left on base; Asheville 0 - Augusta 0
BOTTOM OF THE 1ST
Augusta GreenJackets batting - Pitching for Asheville Tourists : RHP Ricardo Zapata
Pitching: RHP Ricardo Zapata
Batting: LHB Salvador Alade 0-0: Swinging Strike
0-1: Foul Ball, location: 25F
0-2: Ball
1-2: Ball
2-2: Foul Ball, location: 2F
2-2: Foul Ball, location: 5SF
2-2: Ball
3-2: Base on Balls
Batting: RHB Carson Yates 0-0: Called Strike
Salvador Alade steals 2nd base
0-1: Ball
1-1: Ball
2-1: Ground out 4-3 (Groundball, 4S, EV 88.8 MPH)
Salvador Alade to third
Batting: RHB Oscar Meadows 0-0: Ball
1-0: Swinging Strike
Passed Ball!
Salvador Alade scores
1-1: Called Strike
1-2: DOUBLE (Line Drive, 89D, EV 101.9 MPH)
Batting: RHB Vince Chase 0-0: Ball
1-0: Ball
2-0: Called Strike
2-1: 2-RUN HOME RUN (Flyball, 9D, EV 96.3 MPH), Distance : 367 ft
Batting: RHB John Rogers 0-0: Ball
1-0: Fly out, F8 (Line Drive, 8LM, EV 85.0 MPH)
Batting: RHB Nick Torres 0-0: Fly out, F8 (Flyball, 78M, EV 94.4 MPH)
Bottom of the 1st over - 3 runs, 2 hits, 0 errors, 0 left on base; Asheville 0 - Augusta 3
TOP OF THE 2ND
Asheville Tourists batting - Pitching for Augusta GreenJackets : RHP Tekoah Roby
Batting: RHB Kane Payne 0-0: Called Strike
0-1: Fly out, F9 (Flyball, 9LSF, EV 93.8 MPH)
Batting: RHB Dillon Dingler 0-0: Foul Ball, location: 2F
0-1: Swinging Strike
0-2: Ball
1-2: Strikes out swinging
Batting: SHB Michael Rogers 0-0: SINGLE (Groundball, 34D, EV 95.0 MPH)
Batting: RHB Devin Taylor 0-0: Fly out, F6 (Popup, P, EV 75.0 MPH)
Top of the 2nd over - 0 runs, 1 hit, 0 errors, 1 left on base; Asheville 0 - Augusta 3
BOTTOM OF THE 2ND
Augusta GreenJackets batting - Pitching for Asheville Tourists : RHP Ricardo Zapata
Batting: RHB Daniel Bernard 0-0: Ball
1-0: Ball
2-0: Ball
3-0: Base on Balls
Batting: RHB Carlos Segura 0-0: Bunted foul
0-1: Bunt missed!
0-2: SINGLE (Groundball, 4MD, EV 102.5 MPH)
Daniel Bernard to second
Runner from 2nd tries for 3rd, SAFE, throw by CF made to third
Batting: RHB Steve Fleming 0-0: Called Strike
0-1: Ball
1-1: Ball
2-1: Called Strike
2-2: Foul Ball, location: 5FF
2-2: Ball
3-2: Reached on error, E5 (Groundball, 15, EV 89.4 MPH)
Daniel Bernard scores
Carlos Segura to second
Batting: LHB Salvador Alade 0-0: Ball
1-0: Swinging Strike
1-1: Called Strike
1-2: Ball
2-2: Strikes out looking
Batting: RHB Carson Yates 0-0: Foul Ball, location: 23FF
0-1: Ball
1-1: Ball
2-1: Ball
3-1: SINGLE (Line Drive, 4D, EV 102.5 MPH)
Carlos Segura to third
Steve Fleming to second
Batting: RHB Oscar Meadows 0-0: Called Strike
0-1: Ball
1-1: SINGLE (Line Drive, 9LS, EV 106.9 MPH)
Carlos Segura scores
Steve Fleming to third
Carson Yates to second
Runner from 3rd tries for Home, SAFE, throw by RF to home
Batting: RHB Vince Chase 0-0: Ball
1-0: Called Strike
1-1: Ball
2-1: Called Strike
2-2: Strikes out swinging
Batting: RHB John Rogers 0-0: Ball
1-0: Ball
2-0: Ball
Passed Ball!
Carson Yates to third
Oscar Meadows to second
3-0: Base on Balls
Batting: RHB Nick Torres 0-0: Fielders Choice at 2nd, 6-4 (Groundball, 6, EV 104.4 MPH)
Bottom of the 2nd over - 3 runs, 3 hits, 1 error, 3 left on base; Asheville 0 - Augusta 6
TOP OF THE 3RD
Asheville Tourists batting - Pitching for Augusta GreenJackets : RHP Tekoah Roby
Batting: RHB John Gilbert 0-0: Fly out, F7 (Flyball, 78S, EV 96.3 MPH)
Batting: LHB Van Nelson 0-0: Called Strike
0-1: Swinging Strike
0-2: Foul Ball, location: 7LDF
0-2: SINGLE (Line Drive, 56, EV 95.0 MPH)
Batting: RHB Tyler Shedler-McAvoy 0-0: Called Strike
0-1: Fly out, F9 (Line Drive, 9, EV 103.1 MPH)
Batting: SHB Tristan Pompey 0-0: Ball
1-0: Called Strike
1-1: Called Strike
1-2: Strikes out swinging
Top of the 3rd over - 0 runs, 1 hit, 0 errors, 1 left on base; Asheville 0 - Augusta 6
BOTTOM OF THE 3RD
Augusta GreenJackets batting - Pitching for Asheville Tourists : RHP Ricardo Zapata
Batting: RHB Daniel Bernard 0-0: Called Strike
0-1: Swinging Strike
0-2: Ball
1-2: Fly out, F9 (Flyball, 89S, EV 89.4 MPH)
Batting: RHB Carlos Segura 0-0: Ball
1-0: Foul Ball, location: 9LMF
1-1: Called Strike
1-2: Foul Ball, location: 2F
1-2: Strikes out swinging
Batting: RHB Steve Fleming 0-0: Ball
1-0: SINGLE (Line Drive, 3D, EV 107.5 MPH)
Batting: LHB Salvador Alade 0-0: Called Strike
0-1: Called Strike
0-2: Ball
1-2: Fly out, F7 (Flyball, 7LM, EV 90.6 MPH)
Bottom of the 3rd over - 0 runs, 1 hit, 0 errors, 1 left on base; Asheville 0 - Augusta 6
TOP OF THE 4TH
Asheville Tourists batting - Pitching for Augusta GreenJackets : RHP Tekoah Roby
Batting: LHB Chance Ferniz 0-0: Called Strike
0-1: Fly out, F6 (Flyball, 6D, EV 88.1 MPH)
Batting: RHB Kane Payne 0-0: Foul Ball, location: 9LDF
0-1: Swinging Strike
0-2: Strikes out looking
Batting: RHB Dillon Dingler 0-0: Called Strike
0-1: Ground out 4-3 (Groundball, 4S, EV 75.6 MPH)
Top of the 4th over - 0 runs, 0 hits, 0 errors, 0 left on base; Asheville 0 - Augusta 6
BOTTOM OF THE 4TH
Augusta GreenJackets batting - Pitching for Asheville Tourists : RHP Ricardo Zapata
Batting: RHB Carson Yates 0-0: Ball
1-0: Swinging Strike
1-1: Ball
2-1: Ball
3-1: Base on Balls
Pitching: RHP Chris Durham
Batting: RHB Oscar Meadows 0-0: Called Strike
0-1: Fly out, F6 (Popup, 6M, EV 71.9 MPH)
Batting: RHB Vince Chase 0-0: Called Strike
0-1: Grounds into double play, 5-4-3 (Groundball, 5, EV 103.8 MPH)
Bottom of the 4th over - 0 runs, 0 hits, 0 errors, 0 left on base; Asheville 0 - Augusta 6
TOP OF THE 5TH
Asheville Tourists batting - Pitching for Augusta GreenJackets : RHP Tekoah Roby
Batting: SHB Michael Rogers 0-0: Ball
1-0: Reached via error on a dropped throw from 1B, E1 (Groundball, 34S, EV 79.4 MPH)
Batting: RHB Devin Taylor 0-0: Called Strike
0-1: Ball
1-1: Fielders Choice at 2nd, 6-4 (Groundball, 6, EV 79.4 MPH)
Batting: RHB John Gilbert 0-0: DOUBLE (Groundball, 5L, EV 103.1 MPH)
Devin Taylor to third
Batting: LHB Van Nelson 0-0: Hit by Pitch
Batting: RHB Tyler Shedler-McAvoy 0-0: Foul Ball, location: 2F
0-1: DOUBLE (Flyball, 8RXD, EV 107.5 MPH)
Devin Taylor scores
John Gilbert scores
Van Nelson to third
Runner from 3rd tries for Home, SAFE, throw by CF to home
Batting: SHB Tristan Pompey 0-0: Ball
1-0: Ball
2-0: Foul Ball, location: 2F
2-1: Ground out 6-3 (Groundball, 6, EV 78.8 MPH)
Batting: LHB Chance Ferniz 0-0: Called Strike
0-1: Swinging Strike
0-2: Ball
1-2: Strikes out looking
Top of the 5th over - 3 runs, 2 hits, 1 error, 1 left on base; Asheville 3 - Augusta 6
BOTTOM OF THE 5TH
Augusta GreenJackets batting - Pitching for Asheville Tourists : RHP Chris Durham
Batting: RHB John Rogers 0-0: Called Strike
0-1: SINGLE (Line Drive, 7S, EV 89.4 MPH)
Batting: RHB Nick Torres 0-0: Called Strike
0-1: Ball
1-1: Grounds into double play, 6-4-3 (Groundball, 6M, EV 100.6 MPH)
Batting: RHB Daniel Bernard 0-0: Ball
1-0: Ground out 6-3 (Groundball, 6, EV 83.1 MPH)
Bottom of the 5th over - 0 runs, 1 hit, 0 errors, 0 left on base; Asheville 3 - Augusta 6
TOP OF THE 6TH
Asheville Tourists batting - Pitching for Augusta GreenJackets : RHP Tekoah Roby
Batting: RHB Kane Payne 0-0: Ball
1-0: Called Strike
1-1: Foul Ball, location: 3F
1-2: Ground out 6-3 (Groundball, 6, EV 89.4 MPH)
Batting: RHB Dillon Dingler 0-0: SINGLE (Groundball, 6MD, EV 105.6 MPH)
Batting: SHB Michael Rogers 0-0: Fly out, F9 (Flyball, 9LD, EV 98.8 MPH)
Batting: RHB Devin Taylor 0-0: SINGLE (Line Drive, 56D, EV 96.9 MPH)
Dillon Dingler to second
Batting: RHB John Gilbert 0-0: Ball
1-0: Swinging Strike
1-1: Ground out 1-3 (Groundball, 15S, EV 67.5 MPH)
Top of the 6th over - 0 runs, 2 hits, 0 errors, 2 left on base; Asheville 3 - Augusta 6
BOTTOM OF THE 6TH
Augusta GreenJackets batting - Pitching for Asheville Tourists : RHP Chris Durham
Batting: RHB Carlos Segura 0-0: DOUBLE (Line Drive, 78D, EV 102.5 MPH)
Batting: RHB Steve Fleming 0-0: Swinging Strike
0-1: Ball
1-1: Swinging Strike
1-2: Ball
2-2: Strikes out swinging
Batting: LHB Salvador Alade 0-0: DOUBLE (Groundball, 3L, EV 103.8 MPH)
Carlos Segura scores
Batting: RHB Carson Yates 0-0: Foul Ball, location: 3DF
0-1: DOUBLE (Flyball, 8LXD, EV 101.9 MPH)
Salvador Alade scores
Batting: RHB Oscar Meadows 0-0: Ball
1-0: Ball
2-0: SINGLE (Groundball, 4MS, EV 63.8 MPH) (infield hit)
Carson Yates to third
Batting: RHB Vince Chase 0-0: Called Strike
0-1: Called Strike
0-2: Foul Ball, location: 9LSF
0-2: Ball
1-2: Foul Ball, location: 5SF
1-2: Fly out, F7 (Line Drive, 7, EV 86.3 MPH)
Runner from 3rd tags up, SCORES, no throw by LF
Batting: RHB John Rogers 0-0: Ground out 5-3 (Groundball, 56S, EV 66.3 MPH)
Bottom of the 6th over - 3 runs, 4 hits, 0 errors, 1 left on base; Asheville 3 - Augusta 9
TOP OF THE 7TH
Asheville Tourists batting - Pitching for Augusta GreenJackets : RHP Tekoah Roby
Batting: LHB Van Nelson 0-0: Ball
1-0: Ball
2-0: Fly out, F7 (Flyball, 7, EV 84.4 MPH)
Batting: RHB Tyler Shedler-McAvoy 0-0: Called Strike
0-1: Fly out, F8 (Flyball, 8LM, EV 96.3 MPH)
Batting: SHB Tristan Pompey 0-0: Ball
1-0: Foul Ball, location: 2F
1-1: Ball
2-1: Foul Ball, location: 25FF
2-2: DOUBLE (Groundball, 3L, EV 102.5 MPH)
Batting: LHB Chance Ferniz 0-0: Ground out 2-3 (Groundball, 2L, EV 70.6 MPH)
Top of the 7th over - 0 runs, 1 hit, 0 errors, 1 left on base; Asheville 3 - Augusta 9
BOTTOM OF THE 7TH
Augusta GreenJackets batting - Pitching for Asheville Tourists : RHP Chris Durham
Batting: RHB Nick Torres 0-0: DOUBLE (Line Drive, 5D, EV 70.6 MPH)
Batting: RHB Daniel Bernard 0-0: Foul Ball, location: 2F
0-1: Ball
1-1: Foul Ball, location: 9LMF
1-2: Foul Ball, location: 9LMF
1-2: Ball
2-2: SINGLE (Groundball, 34D, EV 104.4 MPH)
Nick Torres to third
Pitching: LHP Jeremy Yelland
Batting: RHB Carlos Segura 0-0: Fly out, F4 (Popup, 4MD, EV 69.4 MPH)
Batting: RHB Steve Fleming 0-0: Called Strike
0-1: Foul Ball, location: 7LDF
0-2: Foul Ball, location: 9LMF
0-2: Ball
1-2: Strikes out swinging
Batting: LHB Salvador Alade 0-0: Called Strike
0-1: Swinging Strike
0-2: Ball
1-2: Fly out, F4 (Popup, 3D, EV 62.5 MPH)
Bottom of the 7th over - 0 runs, 2 hits, 0 errors, 2 left on base; Asheville 3 - Augusta 9
TOP OF THE 8TH
Asheville Tourists batting - Pitching for Augusta GreenJackets : RHP Tekoah Roby
Batting: RHB Kane Payne 0-0: Called Strike
0-1: Fly out, F8 (Flyball, 78S, EV 91.9 MPH)
Batting: RHB Dillon Dingler 0-0: Foul Ball, location: 2F
0-1: Foul Ball, location: 9LSF
0-2: Ball
1-2: Ball
2-2: Foul Ball, location: 2F
2-2: Ball
3-2: Foul Ball, location: 9LMF
3-2: Foul Ball, location: 2F
3-2: Foul Ball, location: 2F
3-2: DOUBLE (Line Drive, 9LM, EV 105.0 MPH)
Pitching: LHP Kyle Grady
Batting: SHB Michael Rogers 0-0: Called Strike
0-1: Foul Ball, location: 2F
0-2: Foul Ball, location: 3DF
0-2: Ball
1-2: Ground out 3-1 (Groundball, 34S, EV 85.6 MPH)
Dillon Dingler to third
Batting: RHB Devin Taylor 0-0: Called Strike
0-1: Foul Ball, location: 9LMF
0-2: Ball
1-2: Strikes out swinging
Top of the 8th over - 0 runs, 1 hit, 0 errors, 1 left on base; Asheville 3 - Augusta 9
BOTTOM OF THE 8TH
Augusta GreenJackets batting - Pitching for Asheville Tourists : LHP Jeremy Yelland
Batting: RHB Carson Yates 0-0: Fly out, F8 (Flyball, 89M, EV 89.4 MPH)
Batting: RHB Oscar Meadows 0-0: Swinging Strike
0-1: Fly out, F7 (Line Drive, 7, EV 86.3 MPH)
Batting: RHB Vince Chase 0-0: Ball
1-0: Ball
2-0: Called Strike
2-1: SINGLE (Line Drive, 9LM, EV 104.4 MPH)
Batting: RHB John Rogers 0-0: Ball
1-0: Fielders Choice at 2nd, 6-4 (Groundball, 6, EV 86.9 MPH)
Bottom of the 8th over - 0 runs, 1 hit, 0 errors, 1 left on base; Asheville 3 - Augusta 9
TOP OF THE 9TH
Asheville Tourists batting - Pitching for Augusta GreenJackets : LHP Kyle Grady
Batting: RHB John Gilbert 0-0: Ball
1-0: Called Strike
1-1: Swinging Strike
1-2: Ball
2-2: Ball
3-2: Ground out 6-3 (Groundball, 6, EV 89.4 MPH)
Batting: LHB Van Nelson 0-0: Ball
1-0: Swinging Strike
1-1: Ball
2-1: SINGLE (Line Drive, 7S, EV 103.1 MPH)
Batting: RHB Tyler Shedler-McAvoy 0-0: Ball
1-0: Fielders Choice at 2nd, 4-6 (Groundball, 4, EV 91.3 MPH)
Batting: SHB Tristan Pompey 0-0: Ball
1-0: Foul Ball, location: 2F
1-1: Swinging Strike
1-2: Ball
2-2: SINGLE (Groundball, 4, EV 87.5 MPH)
Tyler Shedler-McAvoy to second
Batting: LHB Chance Ferniz 0-0: Called Strike
0-1: Ball
1-1: Fly out, F8 (Flyball, 8LD, EV 80.0 MPH)
Top of the 9th over - 0 runs, 2 hits, 0 errors, 2 left on base; Asheville 3 - Augusta 9
Monday, April 22nd , 2024 - OOTP Baseball 24.11 Build 85